[Event "Israel-ch Semi-final 2022"]
[Site "Ramat Gan"]
[Date "2022.05.23"]
[Round "3.6"]
[White "Kochavi, Ori"]
[Black "Sivan, Yaacov"]
[Result "0-1"]
[ECO "B31"]
[WhiteElo "2365"]
[BlackElo "2306"]
[Annotator "TA"]
[PlyCount "82"]
[EventDate "2022.05.09"]
[EventType "swiss"]
[EventCountry "ISR"]
[SourceTitle "playchess.com"]
[Source "ChessBase"]
[SourceQuality "1"]
[TimeControl "40/5400+30:1800+30"]

1. e4 c5 2. Nf3 Nc6 3. Bb5 g6 4. Bxc6 dxc6 5. d3 Bg7 6. h3 Nf6 7. Nc3 Nd7 $1 {[%emt 0:02:20][%mdl 4] outshines the older 7...0-0.} 8. Be3 e5 9. Qd2 h6 {[%emt 0:01:46] B31: Sicilian: 2...Nc6 3 Bb5 g6.} 10. O-O b6 11. Nh2 g5 {[%emt 0:02:47] The position is equal.} 12. Ne2 Nf8 13. Ng3 Ng6 14. Nh5 O-O {[%emt 0:02:53] [#]} 15. b4 $146 ({Predecessor:} 15. Ng4 Qe7 16. Qc3 Kh7 17. f4 gxf4 18. Nxg7 Kxg7 19. Bxf4 Bxg4 20. hxg4 f6 21. Bg3 {½-½ (60) Stevic,H (2637)-Kozul,Z (2624) Bol 2013}) 15... cxb4 16. Qxb4 c5 17. Qb2 Bh8 18. g4 (18. Ng3 $11) 18... Nf4 $17 19. Bxf4 (19. a4 $17 {might work better.}) 19... exf4 $19 20. Qc1 Bxa1 (20... Be6 $19 21. Rd1 Bxa1 22. Qxa1 f6) 21. Qxa1 $17 Qd4 {[%emt 0:01:25] Against Qg7+} 22. c3 Qxd3 (22... Qd6 $1 $17 {Hoping for ...Bb7.} 23. d4 f6) 23. Rd1 $15 Qc4 {[%emt 0:05:46] ...Bb7 is the strong threat.} (23... Qxh3 $2 24. c4 f6 25. Nxf6+ Rxf6 26. Qxf6 Bxg4 27. Qg6+ Kh8 28. Rd6 $18) 24. Rd6 (24. Nf6+ $17 {is a better defense.} Kg7 25. e5) 24... Be6 $19 {[%emt 0:01:29] Threatens to win with ...Rfd8.} 25. Nf6+ Kg7 26. Nh5+ Kh8 (26... Kh7 $1 $19 {and Black stays clearly on top.} 27. e5 Rfd8) 27. Nf3 $17 Rad8 (27... Qxe4 $2 28. c4+ f6 29. Nxf6 $1 $18) (27... Rae8 $5 28. Ne5 Qxa2 29. Qxa2 Bxa2 30. Rxh6+ Kg8 $19) 28. Qd1 Rde8 (28... Rc8 $17 {aiming for ...b5.} 29. e5 Rg8) 29. e5 Qe4 ({But not} 29... Qxa2 $6 30. Nf6 Bc4 31. Nxe8 Rxe8 32. Rxh6+ Kg7 33. Rh5 $11) (29... Rg8 $17 30. Nf6 Ref8) 30. Nf6 $11 Qg6 31. Nd2 Rc8 32. Nde4 {[%emt 0:00:28] Pair of Knights!} Bxa2 33. Qa1 Be6 {[%emt 0:01:17] White must now prevent ...Ra8.} 34. Qxa7 b5 (34... h5 $1 $15 35. Qa4 hxg4 36. hxg4 f3) 35. Nxc5 $2 {[%emt 0:02:06][%mdl 8192] [#]} (35. Kh2 $11) 35... Qb1+ $1 $19 36. Kg2 Bc4 37. Nfe4 Qf1+ {[%emt 0:00:56] Black mates.} 38. Kh2 f3 39. Rxh6+ Kg7 40. Rg6+ Kxg6 41. Qb6+ f6 {[%emt 0:30:10] Weighted Error Value: White=0.57/Black=0.19 (very precise)} 0-1

[Event "Israel-ch Semi-final 2022"]
[Site "Ramat Gan"]
[Date "2022.05.30"]
[Round "4.1"]
[White "Dvoirys, Semen I."]
[Black "Zemach, Nadav"]
[Result "1/2-1/2"]
[ECO "C88"]
[WhiteElo "2439"]
[BlackElo "2238"]
[Annotator "TA"]
[PlyCount "59"]
[EventDate "2022.05.09"]
[EventType "swiss"]
[EventCountry "ISR"]
[SourceTitle "playchess.com"]
[Source "ChessBase"]
[SourceQuality "1"]
[TimeControl "40/5400+30:1800+30"]

1. e4 e5 2. Nf3 Nc6 3. Bb5 a6 4. Ba4 Nf6 5. O-O Be7 6. Re1 b5 7. Bb3 O-O 8. a4 {[%emt 0:00:18] Strongly threatening axb5.} d5 {[%emt 0:00:05] C88: Closed Ruy Lopez: Anti-Marshall Systems.} (8... b4 $11) 9. exd5 Na5 10. Nxe5 (10. Ba2 $14) 10... Nxb3 $11 (10... Nxd5 11. Bxd5 Qxd5 12. Nc3 $16) 11. cxb3 Bb7 12. Nc6 Bxc6 13. dxc6 {[%emt 0:00:06] Hoping for axb5.} Bc5 $1 14. d4 Bxd4 ({Don't play} 14... Qxd4 15. Qxd4 Bxd4 16. axb5 $16) 15. axb5 Ne4 $1 16. Be3 Bxe3 {[%emt 0:00:43] [#]} 17. fxe3 $146 {[%emt 0:02:17] [#] Black must now prevent Qxd8.} ({Predecessor:} 17. Qxd8 Rfxd8 18. fxe3 axb5 19. Nc3 Nxc3 20. bxc3 g6 21. b4 Rxa1 22. Rxa1 Rd3 23. Rc1 Rxe3 24. c4 Rb3 25. cxb5 Rxb4 26. Rc5 Kf8 27. Rd5 Ke7 28. Rd7+ {½-½ (28) Perez Ponsa,F (2554)-Vazquez,G (2534) Chess.com INT 2021}) 17... axb5 18. Rxa8 Qxa8 {[%emt 0:00:07] The position is equal.} 19. Qd5 Re8 20. Qxb5 Qa2 21. Rf1 Qxb2 22. Qc4 Nd6 23. Qc3 Qxc3 {[%emt 0:12:48][%mdl 64] [#] Remove Defender} 24. Nxc3 {[%emt 0:00:04] Threatens to win with Nd5.} Rxe3 {[%emt 0:00:06][%mdl 4096] Endgame KRN-KRN} 25. Nd5 Rxb3 26. Rd1 Kf8 $1 27. Nxc7 Ke7 28. Nd5+ Kd8 $1 29. Nf6 Kc7 30. Nxh7 {[%emt 0:00:08] Weighted Error Value: White=0.08 (flawless) /Black=0.03 (flawless)} 1/2-1/2

[Event "Israel-ch Semi-final 2022"]
[Site "Ramat Gan"]
[Date "2022.05.30"]
[Round "4.2"]
[White "Ben Ari, Yannay"]
[Black "Yaniv, Ori"]
[Result "1-0"]
[ECO "E49"]
[WhiteElo "2409"]
[BlackElo "2143"]
[Annotator "TA"]
[PlyCount "77"]
[EventDate "2022.05.09"]
[EventType "swiss"]
[EventCountry "ISR"]
[SourceTitle "playchess.com"]
[Source "ChessBase"]
[SourceQuality "1"]
[TimeControl "40/5400+30:1800+30"]

1. d4 Nf6 2. c4 e6 3. Nc3 Bb4 4. e3 d5 5. Bd3 dxc4 6. Bxc4 O-O 7. a3 Bxc3+ 8. bxc3 c5 9. Bd3 Qc7 10. Ne2 e5 {[%emt 0:05:23] 10...Nc6 is more fashionable.} 11. O-O b6 {[%emt 0:07:19] E49: Nimzo-Indian: Rubinstein: 5 Bd3 d5 6 a3 Bxc3+ 7 bxc3.} ({Black should try} 11... Nc6 $11) 12. e4 $14 cxd4 13. cxd4 exd4 {[%emt 0:00:46] White is slightly better.} 14. Bf4 {[%emt 0:13:00][%cal Bc1f4,Bf4g3,Bg3h4,Bh4g5][%mdl 32] [#]} Qe7 $146 ({Predecessor:} 14... Qd7 15. a4 Ba6 16. a5 b5 17. Qb1 h6 18. Rd1 Nc6 19. Bxb5 Bxb5 20. Qxb5 Rfd8 {0-1 (55) Cvitan,E (2284)-Dzagnidze,N (2525) Struga 2021}) 15. Nxd4 {[%emt 0:10:49] Black must now prevent Rc1.} Rd8 {[%emt 0:03:11] [#]} (15... Na6 $16) 16. e5 $1 $18 Nd5 (16... Rxd4 $2 17. exf6 Qxf6 {[#]} 18. Re1 $1 $18) 17. Bg3 g6 18. Re1 Be6 19. Qf3 a6 20. Re4 ({Better is} 20. Bc4 $18) 20... Qd7 21. Bh4 {[%emt 0:07:38] White is more active.} Rc8 22. Nxe6 fxe6 23. Rg4 {[%emt 0:00:39][%cal Od3g6] aiming for Bxg6!} Qf7 24. Qg3 {[%emt 0:01:57][%cal Rd3g6] Hoping for Bxg6!} Kg7 {[%emt 0:00:11] White leaves nothing to chance now.} (24... Nd7 $14) 25. Bg5 $16 {[%emt 0:00:28] Strongly threatening Qh3.} Nd7 26. h4 Rc3 (26... Kh8 $16 {might work better.}) 27. h5 $18 Kg8 $2 (27... Rxd3 {is more resistant.} 28. Qxd3 Qf5 29. Qxf5 gxf5) 28. hxg6 {[%emt 0:00:31] White is clearly winning.} hxg6 29. Rd1 {[%emt 0:00:57] And now Be3 would win.} Nc5 (29... Nf8 $142 30. Bh6 Ne7 31. Bxg6 Rxg3 32. Bxf7+ Kxf7 33. Rxg3 Nf5) 30. Bh6 Ne7 31. Bxg6 {[%emt 0:00:44] A strong pair of Bishops.} Rxg3 32. Bxf7+ Kxf7 33. Rxg3 Nf5 {[%emt 0:00:26] Against Rg7+} 34. Rf3 Kg6 35. Be3 Ne4 36. Bxb6 Rb8 37. Bc7 Rb2 38. Ba5 Kg5 39. Re1 {[%emt 0:00:17] Weighted Error Value: White=0.21 (precise) /Black=0.41} 1-0

[Event "Israel-ch Semi-final 2022"]
[Site "Ramat Gan"]
[Date "2022.05.30"]
[Round "4.3"]
[White "Sivan, Yaacov"]
[Black "Aharonovich, Itamar"]
[Result "0-1"]
[ECO "A36"]
[WhiteElo "2306"]
[BlackElo "2324"]
[Annotator "TA"]
[PlyCount "97"]
[EventDate "2022.05.09"]
[EventType "swiss"]
[EventCountry "ISR"]
[SourceTitle "playchess.com"]
[Source "ChessBase"]
[SourceQuality "1"]
[TimeControl "40/5400+30:1800+30"]

1. e4 c5 2. c4 Nc6 3. g3 g6 4. Bg2 Bg7 5. Ne2 d6 6. d3 Rb8 7. Nbc3 a6 8. a4 Nf6 9. O-O O-O 10. h3 Ne8 11. g4 {[%emt 0:04:50] A36: Symmetrical English vs ...g6: 4 Bg2 Bg7.} ({White should play} 11. Be3 $11) 11... Nc7 $15 {[%emt 0:00:31] [#]} 12. Nd5 $146 ({Predecessor:} 12. Ng3 b5 13. axb5 axb5 14. Nd5 bxc4 15. dxc4 Bxb2 16. Bxb2 Rxb2 17. Qc1 Rb3 18. Qh6 Ne5 {½-½ (28) Sorsa,N (2210)-Kosmo,S (2261) Finland 2020}) 12... b5 13. axb5 {[%emt 0:14:26] Black is better.} axb5 14. Ne3 bxc4 {[%emt 0:09:29] Black is more active.} 15. Nxc4 Be6 16. Nc3 Bxc4 17. dxc4 Ne6 18. f4 Na5 19. Ra4 Nd4 20. e5 dxe5 21. f5 Rb4 22. Rxb4 (22. Bd5 $1 $15) 22... cxb4 $17 23. Nd5 Nxc4 {[%emt 0:02:48] Pair of Knights!} 24. Nxb4 (24. b3 $17 Nb6 25. Nxb4) 24... Nd6 (24... gxf5 $19 {And now ...e4 would win.} 25. gxf5 Nd6) 25. fxg6 hxg6 ({Stronger than} 25... fxg6 26. Rxf8+ Kxf8 27. Be3 $15) 26. Nd5 (26. Bg5 $17 {was called for.}) 26... e6 $19 27. Nc3 f5 28. gxf5 gxf5 29. Kh1 (29. Ne2 {might work better.}) 29... Qh4 30. Qe1 Qxe1 31. Rxe1 Rb8 32. Na4 e4 33. Bf4 Rb4 34. Bxd6 Rxa4 35. b4 Bf8 36. Bxf8 {[%emt 0:01:09] [#]} (36. Be5 Rxb4 37. Ra1) 36... Kxf8 {[%emt 0:00:01][%mdl 4096] Endgame KRB-KRN} 37. Rb1 e3 38. Kg1 f4 39. Kf1 f3 40. Bxf3 Nxf3 {[%emt 0:00:02] KRN-KR} 41. Ke2 Nd2 42. Rb2 (42. Rg1) 42... Nc4 43. Rb1 Ra3 {[%emt 0:00:00] [#] Hoping for ...Nd6.} 44. h4 $2 (44. b5) 44... Nb6 {[%emt 0:00:00] White must now prevent ...Nd5.} 45. h5 Nd5 {[%emt 0:00:00] ( -> ...Nc3+)} 46. Kf3 e2+ {[%emt 0:00:00] Black mates.} 47. Kf2 Rh3 48. b5 Rh2+ 49. Ke1 {[%emt 0:04:31] Weighted Error Value: White=1.07/Black=0.15 (very precise)} 0-1

[Event "Israel-ch Semi-final 2022"]
[Site "Ramat Gan"]
[Date "2022.05.30"]
[Round "4.4"]
[White "Levin, Guy"]
[Black "Vaisman, Felix"]
[Result "0-1"]
[ECO "A10"]
[WhiteElo "2354"]
[BlackElo "2096"]
[Annotator "TA"]
[PlyCount "126"]
[EventDate "2022.05.09"]
[EventType "swiss"]
[EventCountry "ISR"]
[SourceTitle "playchess.com"]
[Source "ChessBase"]
[SourceQuality "1"]
[TimeControl "40/5400+30:1800+30"]

1. Nf3 f5 2. c4 Nf6 3. Nc3 e6 4. e3 Bb4 5. Qc2 O-O 6. a3 {[%emt 0:02:36] A10: English Opening: Unusual Replies for Black.} Bxc3 7. Qxc3 {[%emt 0:00:05] [#]} b6 $146 ({Predecessor:} 7... d6 8. d4 a5 9. Bd3 Nbd7 10. b3 Qe8 11. Qc2 c6 12. Bd2 d5 13. cxd5 cxd5 {1-0 (34) Terekhin,A (2315)-Liang,V (2116) Perm 2008}) 8. b4 {[%emt 0:00:14] The position is equal.} Ne4 9. Qc2 Bb7 10. Be2 Ng5 11. Bb2 d6 12. Qc3 e5 13. d4 $1 Nxf3+ (13... exd4 $14 14. Nxd4 (14. Qxd4 Ne6 $11) 14... Ne4) 14. gxf3 $16 Nd7 15. dxe5 (15. Rg1 $16) 15... Nxe5 $11 16. f4 Bxh1 17. O-O-O $1 Qe7 {[%emt 0:06:21][%cal Oh1f3] aiming for ...Bf3!} 18. fxe5 Bb7 19. exd6 cxd6 20. Rg1 $36 {[%emt 0:00:04][%mdl 2048] White has some pressure.} Rf7 21. Bh5 Raf8 22. Bxf7+ Rxf7 23. h4 Bf3 24. Qd4 Bg4 25. e4 Qxh4 (25... h5 $11 {remains equal.}) 26. f3 $1 $16 Qh6+ 27. Kb1 Bxf3 28. exf5 Kf8 29. Ka1 $1 Bc6 {[%emt 0:08:59] [#]} 30. Qd3 ({White should try} 30. c5 $1 $16) 30... Bd7 (30... Qf4 $11 {keeps the balance.}) 31. Qd5 (31. Qe4 $5 ) 31... Qe3 $1 32. Qxd6+ Kg8 33. Qb8+ (33. Qh2 $5 ) 33... Be8 34. Rg3 Qe1+ 35. Ka2 Qe4 {[%emt 0:00:45] Inhibits Qf4.} ({Much less strong is} 35... Qe2 36. Qf4 Qe7 37. Re3 $16) 36. Qc8 Qc6 37. Qxc6 Bxc6 $11 {[%emt 0:00:01][%mdl 4096] Endgame KRB-KRB} 38. f6 g6 39. Kb3 Bd7 40. b5 Bf5 41. Kb4 Rd7 42. a4 h5 43. a5 h4 44. Re3 Kf7 45. c5 bxc5+ 46. Kxc5 g5 47. b6 axb6+ 48. axb6 Be6 49. Kc6 h3 $1 {[%emt 0:01:40] Hoping for ...h2.} 50. Re2 g4 {[%emt 0:01:27] Threatens to win with ...g3.} 51. Be5 {[%emt 0:00:00] [#]} (51. b7 $11 {was the only way to keep the balance.} Rxb7 52. Kxb7) 51... Rd3 $1 $17 {[%emt 0:02:15] Strongly threatening ...Bd5+.} 52. Kc5 {[%emt 0:01:32] Black must now prevent b7.} Bd5 {[%emt 0:07:25] ...Bb7 is the strong threat.} 53. Bb2 $2 {[%emt 0:06:24][%mdl 8192] White does not recover from this.} (53. Rc2 $17 {is tougher.}) 53... g3 $19 54. Re7+ (54. Be5 $142 h2 55. Rxh2 gxh2 56. Bxh2) 54... Kf8 {[%emt 0:00:22] ( -> ...g2)} 55. b7 {[%emt 0:00:43] [#]} Bxb7 $1 56. Rxb7 {[%emt 0:00:04] KRB-KR} g2 57. Rb8+ Kf7 58. Rb7+ Ke6 59. Re7+ Kf5 60. Kc4 {[%emt 0:00:30] [#]} g1=Q $1 61. Kxd3 Qf1+ 62. Kc2 h2 63. f7 Kg6 {[%emt 0:00:29] Weighted Error Value: White=0.37/Black=0.08 (flawless)} 0-1

[Event "Israel-ch Semi-final 2022"]
[Site "Ramat Gan"]
[Date "2022.05.30"]
[Round "4.5"]
[White "Bin-Nun, Peleg"]
[Black "Yaniv, Yuval"]
[Result "0-1"]
[ECO "B46"]
[WhiteElo "2056"]
[BlackElo "2301"]
[Annotator "TA"]
[PlyCount "64"]
[EventDate "2022.05.09"]
[EventType "swiss"]
[EventCountry "ISR"]
[SourceTitle "playchess.com"]
[Source "ChessBase"]
[SourceQuality "1"]
[TimeControl "40/5400+30:1800+30"]

1. e4 c5 2. Nf3 e6 3. d4 cxd4 4. Nxd4 a6 5. Nc3 Qc7 6. Bd3 Nc6 7. Nxc6 bxc6 8. O-O Nf6 9. f4 d5 10. Kh1 Be7 {[%emt 0:00:28] B46: Sicilian: Taimanov: 5 Nc3 a6.} 11. Bd2 c5 12. e5 Nd7 {[%emt 0:00:10] White has an edge.} 13. Qg4 (13. f5 $11 Nxe5 14. Bf4) 13... g6 14. Rae1 {[%emt 0:00:40][%cal Of4f5] Strongly threatening f5!} Bb7 15. b3 h5 16. Qh3 {[%emt 0:14:51] [#]} O-O-O $146 ({Predecessor:} 16... c4 17. bxc4 dxc4 18. Be4 Nc5 19. Bf3 Rb8 20. Rb1 Bxf3 21. Qxf3 O-O {1-0 (43) Noshin,A (1722)-Hamid,R (1941) Dhaka 2019}) 17. Na4 Kb8 (17... h4 {is interesting.} 18. Be2 Rdg8 19. Bf3 Rh7) 18. c4 dxc4 19. bxc4 Ka7 20. Bc1 ({White should try} 20. Re2 $14) 20... Nb8 21. Nc3 Nc6 22. Be4 {[%emt 0:00:48] [#]} ({White should play} 22. Ne4 $15) 22... Rd4 (22... Na5 $1 $17) 23. Be3 (23. Nd5 $1 $11 exd5 24. cxd5) 23... Rxc4 $17 24. Rc1 Rd8 25. Bg1 Nb4 26. Bxb7 Qxb7 ({Inferior is} 26... Kxb7 27. Qf3+ Qc6 28. Qe2 $15) 27. Na4 {[%emt 0:02:56] [#]} (27. Rcd1 $17 {was necessary.}) 27... Rxc1 $1 $19 28. Rxc1 Nd3 ({Stronger than} 28... Nxa2 29. Nxc5 Bxc5 30. Rxc5 $11) 29. Rc4 (29. Rc3 {was called for.} Qe4 30. Qg3) 29... Qb5 ({Weaker is} 29... Qd5 30. Rc2 $17) 30. Re4 {[%emt 0:00:53] [#]} Nf2+ $1 31. Bxf2 {[%emt 0:00:05] Qf3 is the strong threat.} Rd1+ 32. Re1 $2 (32. Bg1 $19 Rxg1+ 33. Kxg1 Qb1+ 34. Kf2 Qxe4 35. Nc3 Qxf4+ 36. Qf3 Qd4+ 37. Kf1 Qxe5 38. Qxf7 Qf5+ 39. Qxf5 gxf5 40. Ke2) 32... Rxe1+ {[%emt 0:43:57] Weighted Error Value: White=0.53/Black=0.10 (very precise)} 0-1

[Event "Israel-ch Semi-final 2022"]
[Site "Ramat Gan"]
[Date "2022.05.30"]
[Round "4.6"]
[White "Shteiman, Yuval"]
[Black "Poleg, Matan"]
[Result "0-1"]
[ECO "B44"]
[WhiteElo "1984"]
[BlackElo "2225"]
[Annotator "TA"]
[PlyCount "76"]
[EventDate "2022.05.09"]
[EventType "swiss"]
[EventCountry "ISR"]
[SourceTitle "playchess.com"]
[Source "ChessBase"]
[SourceQuality "1"]
[TimeControl "40/5400+30:1800+30"]

1. e4 c5 2. Nf3 e6 3. d4 cxd4 4. Nxd4 Nc6 5. c4 Nf6 6. Nc3 Bb4 7. Nxc6 bxc6 8. Bd3 e5 9. O-O O-O 10. Bd2 {[%emt 0:04:24] 10.h3 is setting a new trend. B44: Sicilian: Taimanov: 5 Nb5.} d6 11. Qe2 Re8 {[%emt 0:01:44] [#]} 12. a3 $146 {[%emt 0:08:46] The position is equal.} ({Predecessor:} 12. Rfd1 Rb8 13. h3 Bc5 14. Rab1 a5 15. Na4 Bd4 16. Qe1 Nh5 17. Be2 Qh4 18. Bxh5 Qxh5 {0-1 (42) Bartel,M (2274)-Kriebel,T (2519) Warsaw 2020}) 12... Bc5 13. h3 Bb7 14. Rfe1 Bd4 15. Rad1 a5 16. Be3 Nd7 17. Bc2 c5 18. Rb1 Nf8 19. Qd3 Ne6 20. Nd5 a4 21. Kh1 Bc6 22. Bxd4 {[%emt 0:05:14] White is now going downhill.} (22. b4 $11) 22... cxd4 $17 23. Qg3 Bxd5 24. exd5 (24. cxd5 $142 Nc5 25. Red1) 24... Nc5 $19 25. Red1 Qf6 26. f3 g6 27. Qf2 (27. h4 $142) 27... Rab8 28. Rd2 Re7 29. f4 $2 (29. Be4) 29... exf4 {[%emt 0:00:09] Hoping for ...Re3.} 30. Rxd4 {[%emt 0:00:37] [#]} Re2 $3 31. Qxe2 Qxd4 32. Qe7 (32. Qe1 {might work better.}) 32... Qxc4 33. Qxd6 Re8 34. Qc6 (34. Bxa4 $142 Nxa4 35. Qb4 Qxb4 36. axb4) 34... Re2 {[%emt 0:02:37] [#] And now ...f3 would win.} ({Inferior is} 34... Rd8 35. Qf6 Re8 36. Qc3 Qxd5 37. Rd1 $19) 35. Bxa4 f3 36. gxf3 Qf4 {[%emt 0:51:27][%csl Ge2][%cal Rf4h2] Black mates.} 37. Qc8+ Kg7 38. d6 Qh2# {[%emt 0:00:00] Weighted Error Value: White=0.85/Black=0.14 (very precise)} 0-1

[Event "Israel-ch Semi-final 2022"]
[Site "Ramat Gan"]
[Date "2022.05.30"]
[Round "4.7"]
[White "Lahav, Michal"]
[Black "Uritsky, Yonathan"]
[Result "0-1"]
[ECO "B12"]
[WhiteElo "2199"]
[BlackElo "2072"]
[Annotator "TA"]
[PlyCount "72"]
[EventDate "2022.05.09"]
[EventType "swiss"]
[EventCountry "ISR"]
[SourceTitle "playchess.com"]
[Source "ChessBase"]
[SourceQuality "1"]
[TimeControl "40/5400+30:1800+30"]

1. e4 c6 2. d4 d5 3. e5 Bf5 4. Nf3 e6 5. Nbd2 Nd7 6. Nb3 Ne7 {[%emt 0:03:21] B12: Caro-Kann: Advance Variation.} 7. Be2 c5 8. dxc5 Nc6 {[%emt 0:01:39][%csl LRc5,LRe5] The position is equal.} 9. Nfd4 Bg6 10. f4 {[%emt 0:10:43] [#]} Nxc5 $146 ({Predecessor:} 10... Nxd4 11. Qxd4 Bxc2 12. Bb5 Rc8 13. Bd2 Bxb3 14. axb3 Bxc5 15. Qa4 a6 {0-1 (32) Djokic,M (2129)-Agmanov,Z (2404) Veliko Gradiste 2021}) 11. O-O Nxb3 12. Nxb3 Qb6+ 13. Kh1 Be7 14. Rf3 d4 (14... Be4 {with more complications.} 15. Rg3 Bh4 16. Rc3 Qf2) 15. a3 Rd8 16. Rg3 h5 17. Bd3 Bxd3 18. Qxd3 g5 19. Qe2 Rd5 20. Rh3 (20. h3 $11 {is more appropriate.}) 20... Kd7 21. Nd2 ({Don't blunder} 21. Rxh5 $2 d3 22. cxd3 Rxh5 23. Qxh5 Qxb3 24. fxg5 Rxe5 $19) (21. Bd2 $11) 21... gxf4 $17 22. Nf3 d3 (22... Qb5 $17 23. Qf2 Ke8) 23. cxd3 $11 Nd4 24. Nxd4 Qxd4 $40 {[%emt 0:00:08][%mdl 128] Black has some attack.} 25. Rf3 Rxe5 26. Qd1 (26. Qf1 $11 {keeps the balance.}) 26... Rf5 $17 {[%emt 0:09:41] Black is much more active. The white rooks are badly placed.} 27. Bd2 {[%emt 0:01:03] [#] aiming for Bc3.} Rc8 ({Resist} 27... Qxb2 28. Rb1 Qd4 29. Rxb7+ Ke8 30. Bxf4 Rxf4 31. Rb8+ Bd8 32. Rb4 $16) 28. Bc3 Qd5 (28... Qc5 $17 29. Qa4+ b5) 29. Qa4+ $15 Qb5 30. Qd4+ {[%emt 0:02:40] [#]} (30. Qxb5+ $15 Rxb5 31. Rxf4) 30... Bd6 $1 $17 31. Raf1 Ke7 32. Qxa7 Bc5 {[%emt 0:01:32] Against Qd4} 33. Qa5 Qxa5 34. Bxa5 Bd4 35. Bb4+ Kd7 {[%emt 0:01:51] And now ...Rc2 would win.} 36. g4 $2 (36. g3 $11) 36... hxg4 {[%emt 0:00:49] Weighted Error Value: White=0.47/Black=0.16 (very precise)} 0-1

[Event "Israel-ch Semi-final 2022"]
[Site "Ramat Gan"]
[Date "2022.05.30"]
[Round "4.8"]
[White "Ribshtein, Nati"]
[Black "Rozen, Guy"]
[Result "0-1"]
[ECO "D07"]
[WhiteElo "2286"]
[BlackElo "1967"]
[Annotator "TA"]
[PlyCount "122"]
[EventDate "2022.05.09"]
[EventType "swiss"]
[EventCountry "ISR"]
[SourceTitle "playchess.com"]
[Source "ChessBase"]
[SourceQuality "1"]
[TimeControl "40/5400+30:1800+30"]

1. d4 d5 2. c4 Nc6 3. cxd5 Qxd5 4. e3 e5 5. Nc3 Bb4 6. Bd2 Bxc3 7. Bxc3 exd4 8. Ne2 Nf6 9. Nxd4 O-O 10. Nb5 {[%emt 0:03:50] D07: Queen's Gambit: Chigorin Defence.} Qg5 (10... Bg4 $11 11. Nxc7 (11. f3 Qg5 $11) 11... Qxd1+ 12. Rxd1 Rac8) 11. h4 Qh6 12. Nxc7 {[%emt 0:27:40] White has an edge.} Bg4 13. Qa4 {[%emt 0:06:45] was the old line (13.Qb3).} Rad8 (13... Rac8 $11) 14. Bb5 $14 {[%emt 0:04:32] [#]} Bd7 $146 ({Predecessor:} 14... Bf5 15. Bxc6 bxc6 16. Bb4 Qg6 17. O-O Bh3 18. Qxc6 Rd5 19. g3 Qe4 20. f3 Qxe3+ 21. Rf2 Ng4 22. Qc2 Nxf2 23. Nxd5 {1-0 (23) Lagunow,A (2434)-Rabiega,R (2524) Berlin 2009}) 15. O-O-O a6 $1 {[%emt 0:00:43] [#]} 16. Nxa6 {[%emt 0:23:19] aiming for Nc5.} Ra8 $1 {[%emt 0:33:32][%mdl 64] Pin} 17. Rd6 (17. Bxf6 bxa6 18. Bg5 (18. Rxd7 axb5 19. Qf4 Qxf4 $17) (18. Bxc6 Bxc6 19. Qxc6 Rfc8 $11) (18. Bxa6 $2 Qxf6 19. Rxd7 Ne5 $19) 18... axb5 19. Qxa8 Qe6 $11) ({White should try} 17. Qc4 $14) 17... Rfc8 $2 {[%emt 0:02:58] [#]} (17... Be6 $11) 18. Rhd1 $1 Be8 $1 19. g3 {[%emt 0:12:40] [#]} Qh5 $1 $17 20. Kb1 $2 Qf5+ $2 ({Better is} 20... bxa6 $19 21. Bf1 Ne7) 21. Ka1 $2 (21. Bd3 $16 {is necessary to keep the advantage.} Qf3 {[#]} 22. Qc2 $1 (22. Bxf6 Ne5 $17) 22... bxa6 23. Bxf6 gxf6 24. Bxh7+ Kg7 25. Be4) 21... Ne4 $19 22. Bd3 Nxc3 {[%emt 0:02:32] The board is on fire.} 23. Bxf5 Nxa4 {[%emt 0:00:06] Pair of Knights!} 24. Bxc8 Rxc8 25. b3 Nc3 26. Nc5 Nxd1 27. Rxd1 Rc7 28. Na4 Kf8 29. Nb6 f6 30. Kb2 Bf7 31. Rd7 Rxd7 32. Nxd7+ Ke7 33. Nc5 b6 34. Na4 b5 35. Nc3 (35. Nc5 {was forced.}) 35... b4 36. Ne4 Bg6 37. Nd2 Bd3 38. a3 bxa3+ 39. Kxa3 Kd6 {[%emt 0:00:27] Hoping for ...Ne5.} 40. Kb2 Kc5 41. Kc3 Nb4 42. e4 $2 (42. Nf3 {is a better defense.}) 42... Be2 43. Nb1 Bf3 44. Nd2 Be2 45. Nb1 $1 g5 46. e5 gxh4 47. exf6 Nd5+ 48. Kd2 Bh5 ({And not} 48... Nxf6 49. Kxe2 h3 50. Kf1 $11) 49. gxh4 Nxf6 50. Ke3 Nd5+ 51. Kd2 Kb4 {[%emt 0:00:00] White must now prevent ...Bg6.} 52. Ke1 $2 (52. Kd3) 52... Kxb3 {[%emt 0:00:00] Black is clearly winning.} 53. Nd2+ Kc3 54. Ne4+ Kd4 55. Ng3 Bg4 56. Kd2 Ke5 {[%emt 0:02:43] Threatens to win with ...Ne7.} 57. Nf1 Kf4 {[%emt 0:00:17] Strongly threatening ...Ne7.} 58. Nh2 Bh5 (58... Ne7 $142 59. h5 Bxh5) 59. Kd3 Ne7 60. Kd4 Nf5+ 61. Kd5 Bf7+ {[%emt 0:00:15] Weighted Error Value: White=0.69/Black=0.39} (61... Nxh4 $142 62. Nf1 Bf7+ 63. Kd4 Nf3+ 64. Kc3 h5) 0-1